[Event "*** Titled Tuesday Blitz"]
[Site "Chess.com"]
[Date "2020.02.04"]
[Round "6"]
[White "FearNoEvil12"]
[Black "MaxLeto"]
[Result "0-1"]
[WhiteElo "2002"]
[BlackElo "2330"]
[TimeControl "180+2"]
[EndTime "10:22:10 PST"]
[Termination "MaxLeto won by resignation"]

1. e4 c5 2. Nc3 d6 3. f4 Nc6 4.
Bc4 g6 5. Nf3 Bg7 6. f5 gxf5 7. d3 Nf6 8. O-O Be6 9. Bxe6 fxe6 10. Ng5 Qd7 11. Nb5 O-O-O 12. Nf7 fxe4 13. Nxh8 Bxh8 14. Bg5 exd3 15. Qxd3 Ne5 16. Nxa7+ Kb8 17. Qa3 b6 18. Qb3 Kxa7 19. a4 Rg8 20. Bf4 Nd5 21.
Bg3 Nc6 22. Qb5 Nc7 23. Qb3 Nd4 24. Qd3 Bf6 25. c3 Nb3 26. Ra3 d5 27. a5 b5 28.
Qc2 c4 29. a6 Na8 30. Bf2+ Nb6 31. Qe2 Qc6 32. Qe3 e5 33. Rd1 d4 34. Qh3 d3 35. g3 h5 36. Qxh5 e4 37. Qf7 Rh8 38. Rf1 Qd6 39. Rxb3 cxb3 40. Be3 d2 41. Rxf6 Qxf6 42.
Qxf6 d1=Q+ 43. Kg2 exf6 0-1

[Event "*** Titled Tuesday Blitz"]
[Site "Chess.com"]
[Date "2020.02.04"]
[Round "6"]
[White "mitrabhaa"]
[Black "WeAintSurePal"]
[Result "1-0"]
[WhiteElo "2577"]
[BlackElo "2419"]
[TimeControl "180+2"]
[EndTime "10:22:11 PST"]
[Termination "mitrabhaa won by resignation"]

1. Nf3 b6 2. d4 Bb7 3. Nc3 Nf6 4.
d5 e6 5. e4 Bb4 6. dxe6 dxe6 7. Qxd8+ Kxd8 8. Bg5 Bxc3+ 9. bxc3 Bxe4 10. Ne5 Ke7 11.
O-O-O h6 12. Bh4 g5 13. Bg3 Nh5 14. Bb5 a6 15. Be2 Nxg3 16. hxg3 f6 17. Ng4 Bxg2 18. Rh2 Bc6 19. Nxh6 Nd7 20. f4 gxf4 21. gxf4 Nc5 22. Rg1 Kf8 23. Rg6 Ne4 24. Bf3 Ke7 25. Rg7+ Kd6 26. Nf7+ Kc5 27. Nxh8 Rd8 28. Rxc7 Kd6 29.
Rxc6+ Kxc6 30. Bxe4+ Kc5 31. Nf7 Rg8 32. f5 exf5 33.
Bxf5 Rg3 34. Kb2 b5 35. Rh8 Rf3 36. Rc8+ Kb6 37. Nd6 a5 38. Be4 Re3 39. Rc6+ Ka7 40.
Nxb5+ Kb8 41. Rb6+ Kc8 42. Bf5+ Kd8 43. Nd4 Re1 44.
Rxf6 a4 45. Ra6 Re5 46. Rxa4 Kc7 47. Rb4 1-0

[Event "*** Titled Tuesday Blitz"]
[Site "Chess.com"]
[Date "2020.02.04"]
[Round "6"]
[White "Kobalia"]
[Black "Shield12"]
[Result "0-1"]
[WhiteElo "2672"]
[BlackElo "2893"]
[TimeControl "180+2"]
[EndTime "10:22:18 PST"]
[Termination "Shield12 won on time"]

1. e4 e5 2. Nf3 Nc6 3. Bc4 Bc5 4. O-O Nf6 5. d3 a6 6. h3 d6 7.
a4 Ba7 8. Re1 h6 9. Nbd2 g5 10.
Nf1 g4 11. hxg4 Nxg4 12. Be3 Rg8 13. Bxa7 Rxa7 14. Ne3 h5 15. c3 Ne7 16. Qb3 Rg7 17. Nh4 Nxe3 18. Rxe3 Nc6 19. Rg3 Kf8 20. Rxg7 Kxg7 21.
g3 Na5 22. Qd1 Nxc4 23. dxc4 Qg5 24. c5 dxc5 25. Qd5 b6 26. Nf3 Qf6 27. Qxe5 Bg4 28.
Qxf6+ Kxf6 29. Nd2 Ra8 30. f3 Be6 31. Kf2 Rd8 32.
Ke3 c4 33. a5 b5 34. Rh1 Kg6 35. Ke2 c5 36. Nf1 b4 37. Ne3 bxc3 38. bxc3 Rd3 39.
Rc1 f6 40. g4 hxg4 41. fxg4 Kg5 42. Rb1 Kf4 43. Ng2+ Kxe4 44. Rb6 Bxg4+ 45. Kf2 Rxc3 46. Rxf6 Rf3+ 47. Rxf3 Bxf3 48. Ne3 c3 49. Nc2 Bd1 0-1

[Event "*** Titled Tuesday Blitz"]
[Site "Chess.com"]
[Date "2020.02.04"]
[Round "6"]
[White "GMKrikor"]
[Black "NewBornNow"]
[Result "0-1"]
[WhiteElo "2829"]
[BlackElo "2696"]
[TimeControl "180+2"]
[EndTime "10:22:18 PST"]
[Termination "NewBornNow won by resignation"]

1. c4 e5 2. Nc3 Nf6 3. Nf3 Nc6 4. e3 Bb4 5. Qc2 Bxc3 6. bxc3 O-O 7. e4 d6 8. g3 Bg4 9. Bg2 Qd7 10. h3 Be6 11. d3 h6 12. Nh4 Nh7 13. f4 exf4 14.
gxf4 f5 15. exf5 Bxf5 16. Nxf5 Qxf5 17. O-O Rae8 18. Bd2 Re2 19. Rae1 Rfe8 20. Rxe2 Rxe2 21. Rf2 Qc5 22. d4 Nxd4 23. Qd3 Nf3+ 24. Qxf3 Rxd2 25. Kf1 Rxf2+ 26. Qxf2 Qxc4+ 27. Kg1 Qxc3 28. Bxb7 Qc5 29. Qxc5 dxc5 30. Kf2 Kf7 31. Ke3 Ke6 32. Kd3 Nf6 33.
Kc4 Kd6 34. Bf3 c6 35. f5 Nd5 36. Be4 Nf4 37. h4 Nd5 38. a3 Ne3+ 39. Kd3 Ng4 40.
Kc4 Ne5+ 41. Kc3 c4 42. Kd4 c5+ 43. Kc3 Ke7 44. a4 a5 45. Bb1 Kd6 46. Be4 Kc7 47. Bd5 Kd6 48. Be4 Kc7 49. Bd5 Kb6 50. Be4 Nf7 51. Bb1 Nd6 52. Bc2 Kc6 53. Bd1 Kd5 54.
Bg4 Ne4+ 55. Kc2 Kd4 56. Be2 Nc3 57. Bh5 Nxa4 58. f6 gxf6 0-1

[Event "*** Titled Tuesday Blitz"]
[Site "Chess.com"]
[Date "2020.02.04"]
[Round "6"]
[White "mortngabriel"]
[Black "BeanScreen"]
[Result "1/2-1/2"]
[WhiteElo "2411"]
[BlackElo "2548"]
[TimeControl "180+2"]
[EndTime "10:22:23 PST"]
[Termination "Game drawn - insufficient material"]

1. d4 d5 2. c4 dxc4 3. Nf3 a6 4. a4 Nf6 5. e3 e6 6. Bxc4 c5 7. O-O Nc6 8. Qe2 Be7 9. Rd1 Qc7 10. dxc5 Bxc5 11.
b3 O-O 12. Bb2 Ng4 13. Nbd2 Nce5 14. Rac1 Bd7 15. b4 Bxa4 16. bxc5 Bxd1 17. Qxd1 Qxc5 18. Bxe6 Qb6 19. Nxe5 Qxb2 20. Nxg4 fxe6 21. Rb1 Qc3 22. Ne4 Qc6 23. Qd4 Rad8 24. Qe5 Rd5 25. Ngf6+ gxf6 26. Nxf6+ Rxf6 27. Qxf6 b5 28. h4 a5 29. e4 Rd7 30. Rb3 Qc1+ 31. Kh2 Qc7+ 32. Rg3+ Rg7 33.
Qxe6+ Qf7 34. Qc8+ Qf8 35. Qe6+ Qf7 36. Rxg7+ Kxg7 37. Qe5+ Qf6 38. Qxb5 Qxf2 39. Qg5+ Kf7 40. Qxa5 Qxh4+ 41. Kg1 Qxe4 42. Qc7+ Kg6 43. Qg3+ Kf5 44. Qf3+ Qxf3 45. gxf3 Kf4 46. Kg2 h5 47. Kh3 Kxf3 48.
Kh4 Kf2 49. Kxh5 1/2-1/2

[Event "*** Titled Tuesday Blitz"]
[Site "Chess.com"]
[Date "2020.02.04"]
[Round "6"]
[White "guillembaches"]
[Black "VALPARAISO37"]
[Result "1-0"]
[WhiteElo "2341"]
[BlackElo "2219"]
[TimeControl "180+2"]
[EndTime "10:22:24 PST"]
[Termination "guillembaches won by resignation"]

1. e4 e5 2. Nf3 Nc6 3. Nc3 Nf6 4.
d4 Bb4 5. Nxe5 Qe7 6. Qd3 Nxd4 7. Qxd4 Bc5 8. Qd3 Qxe5 9. Be3 O-O 10. Bxc5 Qxc5 11.
Be2 a6 12. O-O d6 13. Rad1 Re8 14. Bf3 Bd7 15. h3 Bc6 16. Rfe1 b5 17. Nd5 Bxd5 18. exd5 a5 19. c3 a4 20. g3 g6 21. Kg2 Kg7 22. h4 Rab8 23. b4 axb3 24. axb3 b4 25. c4 Nd7 26. Qd2 Ne5 27. Re3 f6 28. Rde1 Ra8 29. Bd1 Rf8 30. f4 Nd7 31. Re7+ Rf7 32. Bg4 Nf8 33. Qe2 f5 34. Bf3 Kg8 35. h5 Rxe7 36.
Qxe7 Ra2+ 37. Re2 Ra1 38. Re1 Rxe1 39. Qxe1 Kf7 40. h6 Qa7 41. Qxb4 Nd7 42. Qa4 Qxa4 43. bxa4 Nc5 44. a5 Ke8 45. g4 fxg4 46. Bxg4 Kf7 47. Be6+ Kf6 48. Bc8 g5 49. fxg5+ Kxg5 50. a6 Na4 51. a7 Nb6 52. Bb7 Kxh6 53. a8=Q Nxa8 54. Bxa8 Kg5 55. Bc6 Kf4 56. Kh3 Kg5 57. Ba4 Kh5 58. Bd1+ Kg5 59. Be2 h6 60. Kg3 Kf5 61. Kh4 Ke4 62. Kh5 Kd4 63. Kxh6 Kc5 64. Kg6 c6 65. dxc6 Kxc6 66. Bf3+ d5 67. Bxd5+ Kd6 68. Kf6 1-0

[Event "*** Titled Tuesday Blitz"]
[Site "Chess.com"]
[Date "2020.02.04"]
[Round "6"]
[White "Volodar_Murzin"]
[Black "Bigfish1995"]
[Result "1-0"]
[WhiteElo "2612"]
[BlackElo "3028"]
[TimeControl "180+2"]
[EndTime "10:22:30 PST"]
[Termination "Volodar_Murzin won by resignation"]

1. d4 Nf6 2. Nf3 g6 3. Bg5 Bg7 4. Nbd2 O-O 5. c3 d6 6. e3 c5 7. Bd3 Qc7 8. O-O b6 9. Qe2 Bb7 10. a4 Nc6 11. Ba6 Rfe8 12. Bxb7 Qxb7 13. Rfd1 cxd4 14.
exd4 h6 15. Bxf6 Bxf6 16. d5 Ne5 17. Ne4 Nxf3+ 18. Qxf3 Bg7 19. h4 b5 20. h5 bxa4 21.
hxg6 fxg6 22. Rd2 Qd7 23. Qd1 Reb8 24. Qxa4 Qxa4 25. Rxa4 Rb5 26. Ra2 a5 27. Kf1 Rf8 28.
Ke2 Rf5 29. c4 Rb4 30. Rc2 a4 31. Kd3 Rf4 32. f3 g5 33. Ke3 Be5 34. c5 dxc5 35.
Nxc5 Bd4+ 36. Ke2 Bxc5 37. Rxc5 Rfd4 38. Ke3 Kf7 39. Ra3 Rd1 40. Ra2 Rb3+ 41. Ke2 Rd4 42. Rc3 Rxd5 43. Rxb3 axb3 44. Ra3 Rb5 45. Kd3 h5 46.
Kc4 Re5 47. Kd3 Re2 48. Kxe2 1-0

[Event "*** Titled Tuesday Blitz"]
[Site "Chess.com"]
[Date "2020.02.04"]
[Round "6"]
[White "TrimitziosP7"]
[Black "LiemLe"]
[Result "1-0"]
[WhiteElo "2790"]
[BlackElo "2963"]
[TimeControl "180+2"]
[EndTime "10:22:34 PST"]
[Termination "TrimitziosP7 won by resignation"]

1. Nf3 Nf6 2. b3 g6 3. Bb2 Bg7 4. g3 O-O 5. Bg2 d5 6. c4 e6 7. O-O b6 8. d3 Bb7 9. e3 c5 10. Qe2 Nc6 11. Nc3 Qe7 12. Rfd1 Rfd8 13. Rac1 d4 14. exd4 cxd4 15. Nb1 Nd7 16. a3 a5 17. Nbd2 Nc5 18. Rb1 e5 19. Ne1 Qc7 20. Ba1 Ne6 21. Nc2 Ne7 22. Bxb7 Qxb7 23. Qe4 Qd7 24. b4 axb4 25.
axb4 Ra2 26. Rb2 Qa4 27. Rc1 Bh6 28. Qe2 Nf5 29. Rcb1 Rxb2 30. Rxb2 Nd6 31. Nf3 Nxc4 32. Rb1 Nd2 33. Nxd2 Qxc2 34. Rd1 Ra8 35. Qf3 Rxa1 36.
Rxa1 Qxd2 37. Ra8+ Bf8 38. Ra7 Ng5 39. Qf6 Qd1+ 40. Kg2 Qg4 41. h4 Qh3+ 42. Kg1 Qg4 43. hxg5 Qe6 44. Qxe6 fxe6 45. b5 Bc5 46. f4 e4 47.
dxe4 d3+ 48. Kf1 d2 49. Ke2 Be3 50. Ra1 Bd4 51. Rd1 Bc3 52. Kd3 Bb4 53. Kc2 Kf7 54.
Ra1 Ba5 55. Rxa5 bxa5 56. Kxd2 Ke7 57. Kc3 Kd6 58. Kb3 Kc5 59. Ka4 Kb6 60. g4 1-0

[Event "*** Titled Tuesday Blitz"]
[Site "Chess.com"]
[Date "2020.02.04"]
[Round "6"]
[White "isla88"]
[Black "Zq1"]
[Result "0-1"]
[WhiteElo "2326"]
[BlackElo "2551"]
[TimeControl "180+2"]
[EndTime "10:22:34 PST"]
[Termination "Zq1 won on time"]

1. c4 e6 2. Nc3 d5 3. e3 Nf6 4. Nf3 Be7 5. b3 c5 6. cxd5 exd5 7. d4 Nc6 8. Be2 Bg4 9. O-O Bxf3 10. Bxf3 cxd4 11.
exd4 O-O 12. Bg5 h6 13. Bxf6 Bxf6 14. Nxd5 Bxd4 15. Rc1 Qd6 16. Rc4 Be5 17. Ne3 Bxh2+ 18. Kh1 Rfd8 19. Qxd6 Bxd6 20. Bxc6 bxc6 21. Rxc6 a5 22.
Rd1 Bf4 23. Nd5 a4 24. g3 axb3 25. axb3 Be5 26. f4 Bb2 27. Ne7+ Kh7 28. Rxd8 Rxd8 29. Rc2 Ba3 30. Nc6 Rd3 31. Ne5 Rxg3 32. Nxf7 Rxb3 33. Kg2 Kg6 34. Ne5+ Kf5 35. Nf3 Kxf4 36. Rc4+ Ke3 37. Rc7 Bb2 38. Nh4 Kf4 39. Ng6+ Kg5 40. Ne7 Be5 41. Rd7 Kg4 42. Nd5 Rb2+ 43. Kf1 g5 44. Ne3+ Kf3 45. Rd3 Rb1+ 46. Nd1+ Ke4 47. Ke2 Bd4 48. Rh3 Ra1 49. Rxh6 Ra2+ 50. Ke1 g4 51. Re6+ Kf3 0-1

[Event "*** Titled Tuesday Blitz"]
[Site "Chess.com"]
[Date "2020.02.04"]
[Round "6"]
[White "vinniethepooh"]
[Black "Witik"]
[Result "1-0"]
[WhiteElo "2787"]
[BlackElo "2595"]
[TimeControl "180+2"]
[EndTime "10:22:36 PST"]
[Termination "vinniethepooh won on time"]

1. d4 Nf6 2. c4 g6 3. Nc3 Bg7 4. e4 d6 5. Be2 O-O 6. Be3 Na6 7.
Nf3 Qe8 8. O-O e5 9. dxe5 dxe5 10. h3 c6 11. Qd6 Nh5 12. Rfd1 f5 13. exf5 gxf5 14.
c5 f4 15. Bc1 e4 16. Ng5 f3 17. Bc4+ Kh8 18. Nf7+ Rxf7 19. Bxf7 Qxf7 20. Qd8+ Bf8 21.
Bh6 Ng7 22. Nxe4 Ne6 23. Qh4 Bd7 24. Bg5 Naxc5 25. Nxc5 Nxc5 26. Qd4+ Kg8 27. b4 Ne6 28. Qxd7 Nxg5 29. Qg4 Qg6 30. h4 Nf7 31. Qxf3 Bxb4 32. Rab1 a5 33. a3 Bc5 34. Rxb7 Rf8 35. Rdd7 Ne5 36. Qb3+ Kh8 37. Qc3 Bxf2+ 38. Kh1 Bg3 39. Rxh7+ Qxh7 40. Rxh7+ Kxh7 41. Qxg3 Rf5 42. Kh2 c5 43. Qc3 c4 44. Kh3 Kg6 45. Qd4 Kf6 46. Qd6+ Kf7 47. Qc7+ Ke6 48. Qc8+ Kf6 49. Kg3 Kg6 50. Qe6+ 1-0

[Event "*** Titled Tuesday Blitz"]
[Site "Chess.com"]
[Date "2020.02.04"]
[Round "6"]
[White "tunadrol"]
[Black "MusicCityMaster"]
[Result "1-0"]
[WhiteElo "2580"]
[BlackElo "2424"]
[TimeControl "180+2"]
[EndTime "10:22:45 PST"]
[Termination "tunadrol won by resignation"]

1. e4 e6 2. d4 d5 3. Nc3 Bb4 4. e5 c5 5. a3 Bxc3+ 6. bxc3 Ne7 7. Bd3 Qc7 8. Nf3 b6 9. O-O Ba6 10. a4 Bxd3 11. Qxd3 Nd7 12. Ba3 O-O 13. c4 h6 14.
cxd5 Nxd5 15. c4 Nb4 16. Bxb4 cxb4 17. Rfe1 Rac8 18. Rac1 Qc6 19. Qb3 a5 20. Nd2 Rfd8 21. Ne4 Rc7 22. Nd6 Nf8 23. Nb5 Rcd7 24. f3 Rxd4 25.
Nxd4 Rxd4 26. Red1 Qc5 27. Kf1 Qxe5 28. Rxd4 Qxd4 29.
Rd1 Qe5 30. g3 Qf5 31. Qd3 Qh3+ 32. Kg1 Ng6 33. f4 Qg4 34. Kh1 h5 35. Rf1 h4 36. Kg2 h3+ 37. Kf2 Kh7 38. Rd1 Kh6 39. Qf3 Qf5 40. Rd7 e5 41. Rd5 Qc2+ 42. Qe2 Qxe2+ 43. Kxe2 exf4 44. Kf3 fxg3 45. Kxg3 Ne7 46. Rb5 Nc8 47. c5 bxc5 48. Rxc5 Nb6 49. Rxa5 f6 50.
Ra6 Nd5 51. a5 b3 52. Ra8 Nb4 53. Rb8 Nc6 54. Rb5 b2 55. a6 Kg6 56. Rxb2 Kf5 57. Rb7 g5 58. a7 Nxa7 59. Rxa7 1-0

[Event "*** Titled Tuesday Blitz"]
[Site "Chess.com"]
[Date "2020.02.04"]
[Round "6"]
[White "BvsN"]
[Black "DishonorOnYourCow"]
[Result "0-1"]
[WhiteElo "2325"]
[BlackElo "2224"]
[TimeControl "180+2"]
[EndTime "10:22:45 PST"]
[Termination "DishonorOnYourCow won by resignation"]

1. d4 Nf6 2. Nf3 g6 3. Nc3 d5 4.
Bf4 Bg7 5. e3 O-O 6. Be2 c5 7.
Ne5 b6 8. h4 cxd4 9. exd4 h5 10. Qd2 Nbd7 11. Nc6 Qe8 12. Nb5 Nc5 13. dxc5 Qxc6 14.
cxb6 Ne4 15. Qe3 axb6 16. c3 e5 17. Bh6 Ba6 18. Bxg7 Kxg7 19. Na3 Bxe2 20. Qxe2 Rxa3 21. f3 Ra4 22. O-O Qc5+ 23. Kh2 Nf6 24. g3 Re8 25. b3 Raa8 26. Rac1 Rad8 27. Kg2 Qd6 28. c4 d4 29.
Rfe1 e4 30. fxe4 Rxe4 31. Qf3 Rde8 32. Rf1 Re2+ 33. Kh1 Qe6 34. Rf2 Re1+ 35. Rxe1 Qxe1+ 36. Rf1 Qe6 37. Kg2 Qe4 38. b4 Qxf3+ 39. Rxf3 Ng4 40. c5 bxc5 41. bxc5 Re2+ 42. Kg1 Rxa2 43. Rd3 Rc2 44. Rxd4 Rxc5 45. Kh1 Rc2 46. Rf4 f6 47. Ra4 g5 48. hxg5 fxg5 49. Rb4 Kg6 50. Ra4 Kf5 51. Rb4 Ne5 52. Ra4 Nf3 53. g4+ hxg4 54. Rf4+ Ke5 55.
Rf5+ Ke4 56. Rf4+ Kd3 0-1

[Event "*** Titled Tuesday Blitz"]
[Site "Chess.com"]
[Date "2020.02.04"]
[Round "6"]
[White "2nd_life"]
[Black "TheBigBoss04"]
[Result "1-0"]
[WhiteElo "2459"]
[BlackElo "2688"]
[TimeControl "180+2"]
[EndTime "10:22:47 PST"]
[Termination "2nd_life won by resignation"]

1. e4 g6 2. d4 Bg7 3. Nf3 d6 4. Bc4 a6 5. Qe2 e6 6. Bb3 b6 7. c3 Bb7 8. h4 h5 9. Bg5 Ne7 10.
Nbd2 c5 11. O-O Nd7 12. Rfe1 O-O 13. Nf1 cxd4 14. cxd4 Nf6 15. Ng3 d5 16. e5 Ne4 17.
Nxe4 dxe4 18. Nd2 Re8 19. Nxe4 Qxd4 20. Nd6 Bd5 21. Nxe8 Rxe8 22. Bxe7 Bxb3 23. axb3 Rxe7 24. Rxa6 Rd7 25. Ra4 Qd5 26. Rb4 Bf8 27. Rxb6 Bc5 28. Rb5 Qd4 29. g3 Rd5 30. b4 Bxb4 31. Rxd5 Qxd5 32.
Rd1 Qb3 33. Rd3 Qa2 34. Rd8+ Kg7 35. Rd7 Qa1+ 36. Kh2 Qa4 37. Rd4 Qb3 38. Rd7 Qa4 39.
Rb7 Bc5 40. Qf3 Qe8 41. b4 Bd4 42. Qf6+ Kg8 43. b5 Bc5 44. Rc7 Bf8 45. b6 Bg7 46. Qxf7+ Qxf7 47. Rxf7 Kxf7 48. f4 Bf8 49. b7 Be7 50.
b8=Q Bf8 51. Qc7+ Be7 52. Qd7 g5 53. hxg5 Kf8 54. Qxe6 1-0

[Event "*** Titled Tuesday Blitz"]
[Site "Chess.com"]
[Date "2020.02.04"]
[Round "6"]
[White "BocharovD"]
[Black "Firouzja2003"]
[Result "0-1"]
[WhiteElo "2760"]
[BlackElo "3157"]
[TimeControl "180+2"]
[EndTime "10:22:49 PST"]
[Termination "Firouzja2003 won by resignation"]

1. Nf3 d5 2. d4 Nf6 3. c4 e6 4. Nc3 c5 5. cxd5 Nxd5 6. g3 Nxc3 7. bxc3 cxd4 8. cxd4 b6 9. Bg2 Bb7 10. O-O Be7 11.
Bf4 O-O 12. Rc1 Bd6 13. Bxd6 Qxd6 14. Qc2 Qe7 15. Qc7 Qxc7 16. Rxc7 Bd5 17. Ne5 Na6 18. Bxd5 Nxc7 19. Bxa8 Rxa8 20. Rc1 Nb5 21. e3 f6 22. Nd3 Rd8 23. a4 Nd6 24. Rc7 a5 25. Nf4 Rc8 26. Rd7 Ne4 27. Nxe6 g5 28. Nc7 g4 29. Kf1 f5 30. Ke2 Nf6 31. Rd6 Kf7 32. Nd5 Ne4 33.
Rxb6 Rc2+ 34. Ke1 Rxf2 35. Nc3 Rf3 36. Nxe4 Rxe3+ 37. Kd2 Rxe4 38. Kd3 Re1 39. Rb5 Kf6 40. Rxa5 Rh1 41. Ra8 Rxh2 42. a5 Rh3 43. a6 Rxg3+ 44. Kc4 Ra3 45. Kb4 Ra1 46. d5 g3 47. Rg8 f4 48. Kb5 Ke5 49. Rg5+ Kd6 50. Kb6 h5 51. a7 h4 52. Kb7 Rxa7+ 53. Kxa7 h3 54. Kb6 h2 55. Rh5 g2 0-1

[Event "*** Titled Tuesday Blitz"]
[Site "Chess.com"]
[Date "2020.02.04"]
[Round "6"]
[White "GadimbayliA"]
[Black "Azatic"]
[Result "1-0"]
[WhiteElo "2932"]
[BlackElo "2644"]
[TimeControl "180+2"]
[EndTime "10:22:50 PST"]
[Termination "GadimbayliA won by resignation"]

1. e4 c5 2. Nf3 e6 3. d4 cxd4 4. Nxd4 a6 5. Bd3 Nf6 6. O-O d6 7. c4 Be7 8. Nc3 O-O 9. Be3 Nbd7 10. f4 b6 11. b4 Bb7 12. f5 e5 13. Nb3 Rc8 14. Qe2 b5 15. Na5 Ba8 16. Rac1 bxc4 17. Bxc4 Nxe4 18. Nxe4 Bxe4 19. Bxa6 Rxc1 20. Rxc1 Qa8 21.
Rc7 Rd8 22. Bb7 Qb8 23. Qc4 d5 24. Qc6 Bxf5 25. h3 d4 26. Bd2 Bf8 27. Qc1 Kh8 28.
a3 Be6 29. Be4 Nf6 30. Bb1 Rc8 31. Rxc8 Bxc8 32. Nc6 Qc7 33. Nxe5 Qxe5 34. Qxc8 Kg8 35. Bd3 Nd5 36. Qf5 Qxf5 37. Bxf5 Nc3 38. Bd3 g6 39.
Kf2 f5 40. Ke1 Kf7 41. Bxc3 dxc3 42. Kd1 Ke6 43. Kc2 Bg7 44. Bc4+ Kd6 45. Bg8 h6 46. Bh7 g5 47. Bxf5 Bd4 48. Bd3 Kc6 49. Kb3 Kb6 50. Kc4 Be5 51. a4 Bf6 52. a5+ Kc6 53. b5+ Kb7 54. b6 Ka6 55. Kb4+ Kb7 56. Kb5 Be5 57. a6+ Kc8 58. a7 1-0

[Event "*** Titled Tuesday Blitz"]
[Site "Chess.com"]
[Date "2020.02.04"]
[Round "6"]
[White "Atanejhad"]
[Black "dangerousattack1st"]
[Result "0-1"]
[WhiteElo "2598"]
[BlackElo "2813"]
[TimeControl "180+2"]
[EndTime "10:22:53 PST"]
[Termination "dangerousattack1st won on time"]

1. e4 e5 2. Nf3 Nc6 3. Bb5 Nf6 4. d3 Bc5 5. O-O O-O 6. Bxc6 bxc6 7. Bg5 Re8 8. Nbd2 d5 9. Re1 h6 10. Bh4 Qd6 11. Bg3 Bg4 12. h3 Bh5 13. Qc1 dxe4 14. dxe4 Bxf3 15. Nxf3 Nh5 16. Kh2 Nxg3 17. fxg3 f5 18.
Qd1 Qf6 19. Qe2 Kh8 20. Rf1 f4 21. g4 Rad8 22. Rad1 Be3 23. Rxd8 Rxd8 24. Rd1 Kh7 25.
Rxd8 Qxd8 26. Nxe5 Qd4 27. Nf3 Qxb2 28. Qc4 Bf2 29.
h4 Qc1 30. g3 Bxg3+ 31. Kg2 Qd1 32. e5 Bxh4 33. Qe4+ Kh8 34. e6 Be7 35. Qxf4 Qe2+ 36. Kh3 Qf1+ 37. Kg3 Bd6 38. Ne5 Qg1+ 39. Kf3 Qf1+ 40.
Ke4 Qe1+ 41. Qe3 Qb4+ 42. Kf3 Qb1 43. Ng6+ Kh7 44. Qd3 Qh1+ 45. Ke2 Qg2+ 46. Kd1 Qxg4+ 47. Kc1 Qxg6 48. Qf3 Qxe6 0-1

[Event "*** Titled Tuesday Blitz"]
[Site "Chess.com"]
[Date "2020.02.04"]
[Round "6"]
[White "Haykoooo0o"]
[Black "Manukyan_Artak"]
[Result "1/2-1/2"]
[WhiteElo "2514"]
[BlackElo "2330"]
[TimeControl "180+2"]
[EndTime "10:23:01 PST"]
[Termination "Game drawn by repetition"]

1. e4 c5 2. Nf3 a6 3. g3 Nc6 4.
Bg2 b5 5. O-O d6 6. Re1 e5 7. c3 Bg4 8. h3 Bh5 9. d3 Be7 10. Nbd2 Nf6 11. Nf1 O-O 12. Ne3 Re8 13. Qe2 Bf8 14. g4 Bg6 15. Nf5 Bxf5 16. gxf5 d5 17.
Bg5 dxe4 18. dxe4 Be7 19. Rad1 Qc7 20. Nh2 Rad8 21. Bxf6 Bxf6 22. Ng4 Bg5 23. Rd5 f6 24. Rxc5 Rd2 25. Qf3 Rxb2 26. Rd1 Qb6 27. Rcd5 Ne7 28.
Rd7 Rxa2 29. Qd3 Qc5 30. Rd8 Rxd8 31. Qxd8+ Kf7 32. Rd7 h5 33. Rxe7+ Qxe7 34. Qd5+ Kf8 35. Qxa2 hxg4 36. Qxa6 gxh3 37. Bxh3 Qc5 38. Bg4 Bh4 39.
Qa8+ Ke7 40. Qa2 Kd6 41. Kg2 Kc6 42. Bh5 Kb7 43. Bf7 Qxc3 44. Be8 Qc4 45. Qb1 Kb6 46. Bh5 Qd4 47. Qc2 b4 48. Be8 Qc3 49. Qe2 Qc5 50.
Bf7 Qd4 51. Bd5 Kc5 52. Qc2+ Qc3 53. Qa4 Kd4 54. Qa7+ Qc5 55. Qa1+ Qc3 56. Qa7+ Qc5 57. Qa2 Qc3 58. Qb1 Kc5 59. Qa2 Kd4 60. Qa7+ 1/2-1/2

[Event "*** Titled Tuesday Blitz"]
[Site "Chess.com"]
[Date "2020.02.04"]
[Round "6"]
[White "OhanyanEminChess"]
[Black "FedaMaster"]
[Result "0-1"]
[WhiteElo "2463"]
[BlackElo "2598"]
[TimeControl "180+2"]
[EndTime "10:23:06 PST"]
[Termination "FedaMaster won on time"]

1. e4 c5 2. Nf3 d6 3. d4 cxd4 4.
Nxd4 Nf6 5. Nc3 g6 6. Be3 Bg7 7. f3 O-O 8. Qd2 Nc6 9. O-O-O d5 10.
exd5 Nxd5 11. Nxc6 bxc6 12. Bd4 Bxd4 13. Qxd4 Qb6 14.
Nxd5 cxd5 15. Qxd5 Rb8 16. Qd4 Qc7 17. Qc4 Qa5 18.
Qd5 Qb4 19. Qd4 Qb7 20. Bc4 Bf5 21. Bb3 Rfc8 22. g4 Be6 23. Bxe6 fxe6 24. Rhe1 Rc6 25.
b3 Rbc8 26. Re2 Qa6 27. Red2 Qxa2 28. Qb2 Qa5 29. Re2 Qb5 30. Red2 Kf7 31. Kb1 Qc5 32. Re2 Qb4 33. Rde1 Rxc2 34. Qxc2 Rxc2 35. Kxc2 Qf4 36.
Re3 Qxh2+ 37. R1e2 Qg1 38. Rxe6 Qc5+ 39. Kb1 Qb4 40. R6e3 a5 41. Ka2 a4 42. bxa4 Qxa4+ 43. Kb2 Qd7 44. Kc2 h5 45. gxh5 gxh5 46. Rd3 Qb5 47. Kd2 h4 48. f4 Qc5 49. Ree3 Qb4+ 50.
Ke2 Kg6 51. f5+ Kxf5 52. Rxe7 Qxe7+ 53. Re3 Qg5 54. Kf2 Qg4 55. Rf3+ Ke4 56. Re3+ Kd4 57.
Ra3 Kc5 0-1

[Event "*** Titled Tuesday Blitz"]
[Site "Chess.com"]
[Date "2020.02.04"]
[Round "6"]
[White "Rodchenkov_Vitalij"]
[Black "Gordima"]
[Result "0-1"]
[WhiteElo "2599"]
[BlackElo "2793"]
[TimeControl "180+2"]
[EndTime "10:23:13 PST"]
[Termination "Gordima won by resignation"]

1. Nf3 d5 2. g3 Nf6 3. Bg2 e6 4. O-O c5 5. c4 d4 6. b4 cxb4 7. a3 Nc6 8. d3 a5 9. Bg5 Ra6 10.
axb4 Bxb4 11. Na3 O-O 12. Nc2 Bc3 13. Rb1 a4 14. Bd2 Bxd2 15. Qxd2 Qd6 16. Rb5 Bd7 17. Ra1 Rfa8 18. Na3 Na5 19. Qb2 Nb3 20. Rxb7 Nxa1 21.
Qxa1 Bc6 22. Rb1 e5 23. Nd2 Bxg2 24. Kxg2 Rb8 25. Nb5 Qc6+ 26. Kg1 h5 27. Qa3 h4 28.
Rb4 h3 29. f3 Rba8 30. Nb1 Nd7 31. Qc1 Nc5 32. N1a3 Re8 33. Rb2 f6 34. Qf1 Qd7 35.
g4 f5 36. Qxh3 Rg6 37. Rb1 fxg4 38. Qh5 Rh6 39. Qxg4 Qf7 40. Kh1 Rg6 41. Qh3 Qf4 42. Nc7 Rd8 43. Nd5 Qf7 44. Rb5 Ne6 45. Rb1 Nf4 46.
Nxf4 Qxf4 47. Nb5 Qe3 48. Nc7 Qxe2 49. Nd5 Re8 50. Rf1 a3 51. f4 a2 52. f5 Rg5 53. f6 Rf8 54. Ne7+ Kf7 55. fxg7+ Kxg7 56. Nf5+ Rfxf5 0-1

[Event "*** Titled Tuesday Blitz"]
[Site "Chess.com"]
[Date "2020.02.04"]
[Round "6"]
[White "arminmusovic"]
[Black "bluejay1897"]
[Result "1/2-1/2"]
[WhiteElo "2543"]
[BlackElo "2394"]
[TimeControl "180+2"]
[EndTime "10:23:15 PST"]
[Termination "Game drawn by agreement"]

1. e4 c5 2. c3 d5 3. exd5 Qxd5 4.
h3 Nf6 5. Na3 e6 6. Nf3 Nc6 7.
d4 cxd4 8. Nb5 Qd8 9. cxd4 a6 10.
Nc3 Bb4 11. Bd3 O-O 12. O-O Ne7 13. Bg5 Ng6 14. Rc1 b5 15. Ne4 Be7 16. Nc5 Nd7 17.
Bxe7 Qxe7 18. b4 Nf4 19. Qd2 Nd5 20. Rfe1 Qf6 21. Ng5 g6 22. Be4 N7b6 23. Nf3 a5 24. a3 axb4 25. axb4 Nc4 26. Qh6 Ra2 27. Bxd5 exd5 28.
Ra1 Rb2 29. Rab1 Rxb1 30. Rxb1 Bf5 31. Ra1 Be4 32. Nxe4 dxe4 33. Ng5 Qg7 34. Qxg7+ Kxg7 35. Nxe4 Rd8 36. Rd1 Nb2 37. Rd2 Nc4 38. Rd3 Nb2 39. Rb3 Rxd4 40. Rxb2 Rxe4 41. f3 Rd4 42. Kf2 Kf6 43. Ke3 Ke5 44. Rb3 f5 45. g3 f4+ 46.
gxf4+ Rxf4 47. Kf2 Rd4 48. Kg3 Kd5 49. f4 Ke4 50.
Kg4 h6 51. h4 Rd5 52. Rb1 h5+ 53. Kg3 Rd3+ 54. Kh2 Kxf4 55. Rg1 Rd4 56. Rxg6 Rxb4 57. Rg5 Rb2+ 58. Kh3 b4 59. Rxh5 b3 60. Rb5 Rb1 61. Kg2 b2 62. h5 Ra1 63. Rxb2 Kg5 64. Rb5+ Kh6 65. Kg3 Ra4 66. Rc5 Rb4 1/2-1/2

[Event "*** Titled Tuesday Blitz"]
[Site "Chess.com"]
[Date "2020.02.04"]
[Round "6"]
[White "Abund"]
[Black "wonderfultime"]
[Result "0-1"]
[WhiteElo "2755"]
[BlackElo "2967"]
[TimeControl "180+2"]
[EndTime "10:23:17 PST"]
[Termination "wonderfultime won by resignation"]

1. Nf3 d5 2. d4 Nf6 3. c4 c6 4. e3 Bf5 5. Nc3 e6 6. h3 Nbd7 7. Nh4 Be4 8. Nf3 Bd6 9. Be2 O-O 10. O-O h6 11. b3 Bh7 12. Bb2 Qe7 13. cxd5 exd5 14.
Bd3 Ne4 15. Qc2 Rae8 16. Ne2 f5 17. a3 g5 18. Ne5 Nxe5 19. dxe5 Bxe5 20. Bxe5 Qxe5 21.
f4 Qg7 22. Rae1 Re7 23. Nd4 g4 24. Bxe4 Rxe4 25. hxg4 fxg4 26. f5 Qe5 27. Qf2 g3 28. Qf3 Re8 29. f6 Kf7 30. Ne2 Rxe3 31. Qg4 Rxe2 32. Qd7+ Kg6 33. Qg4+ Qg5 34. Qxg5+ hxg5 35. Rxe2 Rf8 36. Re7 Rf7 37. Rxf7 Kxf7 38. Rf3 Be4 39. Rxg3 Kxf6 40. Rh3 d4 41. Kf2 c5 42. g3 b5 43.
Rh6+ Ke5 44. Ra6 c4 45. bxc4 bxc4 46. Ke2 c3 47. Rxa7 d3+ 48. Ke3 d2 49. Re7+ Kf6 50. Rd7 Bc2 51. Rxd2 cxd2 52. Kxd2 Ba4 53. Ke3 Kf5 54.
Kf3 Bc6+ 55. Ke3 Kg4 56. Kf2 Kh3 57. a4 Bxa4 58. Kf3 Bc6+ 59. Kf2 Bb7 60. Kg1 Kxg3 61. Kf1 Kh2 62. Kf2 g4 0-1